 Dungeon Crawl Stone Soup version 0.29.0-4-gdea44cf6ec (webtiles) character file.

Game seed: 5416777552394817446

434 qw the Chopper (level 7, 0/41 HPs)
             Began as a Tengu Warper on Aug 28, 2022.
             Slain by Duvessa
             ... wielding a +0 short sword
              (8 damage)
             ... on level 4 of the Dungeon.
             The game lasted 00:00:27 (3989 turns).

qw the Chopper (Tengu Warper)                       Turns: 3989, Time: 00:00:27

Health: 0/41       AC:  8    Str: 12 (13) XL:     7   Next: 0%
Magic:  11/11      EV:  7    Int: 13      God:
Gold:   160        SH:  0    Dex: 19 (20) Spells: 10/10 levels left

rFire   . . .      SeeInvis .   Y - +0 hand axe
rCold   . . .      Faith    .   (no shield)
rNeg    . . .      Spirit   .   a - +0 chain mail
rPois   .          Reflect  .   (helmet restricted)
rElec   .          Harm     .   (no cloak)
rCorr   .          Rampage  .   (no gloves)
Will    .....                   (boots unavailable)
Stlth   ..........              (no amulet)
HPRegen 0.13/turn               b - +6 ring of dexterity
MPRegen 0.12/turn               (no ring)

@: lit by a corona, flying quickly and evasively, glowing, quick
A: beak, talons 3, nimble flight
a: no special abilities


You were on level 4 of the Dungeon.
You visited 1 branch of the dungeon, and saw 4 of its levels.

You collected 160 gold pieces.


Innate Abilities, Weirdness & Mutations

You have a beak for a mouth.
You have claws for feet.
Your magical nature lets you fly swiftly and evasively.


   Skills:
 - Level 3.1 Fighting
 + Level 7.2 Axes
 - Level 1.0 Throwing
 - Level 2.1 Armour
 - Level 2.1 Dodging
 - Level 2.0 Spellcasting
 - Level 2.4 Translocations


You had 10 spell levels left.
You didn't know any spells.
Your spell library contained the following spells:

 Spells                   Type           Power      Damage    Failure   Level
 Blink                    Tloc           14%        N/A       99%         2
 Gell's Gravitas          Tloc           7%         N/A       100%        3
 Lesser Beckoning         Tloc           7%         N/A       100%        3
 Teleport Other           Tloc           7%         N/A       100%        3
 Manifold Assault         Tloc           7%         N/A       100%        5

Inventory:

Hand Weapons
 f - a +1 mace of holy wrath
 Y - a +0 hand axe (weapon)
Armour
 a - a +0 chain mail (worn)
Jewellery
 b - a +6 ring of dexterity (left hand)
 d - a ring of fire
Scrolls
 g - a scroll of identify
Potions
 c - a potion of haste
 e - 2 potions of attraction {unknown}
 k - a potion of heal wounds {unknown}
 l - a potion of berserk rage {unknown}

Dungeon Overview and Level Annotations

Branches:
Dungeon (4/15)
 Temple: D:4-7

Altars:
Makhleb
Nemelex Xobeh
Vehumet

Annotations:
D:4 Dowan, Duvessa


Message History

You miss Dowan. Duvessa hits you with a +0 short sword.
Dowan casts a spell at Duvessa.
Duvessa seems to speed up.
You hit Duvessa. You peck Duvessa.
Duvessa is heavily wounded.
You miss Dowan. Duvessa hits you with a +0 short sword.
You barely miss Duvessa. You peck Duvessa.
Duvessa is heavily wounded.
You hit Dowan. Duvessa hits you with a +0 short sword.
Dowan smirks and points a slender finger.
Dowan hits you with a +0 dagger of holy wrath.
You hit Duvessa.
Duvessa is severely wounded.
You closely miss Dowan. Duvessa hits you but does no damage.
Dowan casts a spell at you.
You are outlined in light.
Duvessa hits you with a +0 short sword.
You hit Duvessa but do no damage.
Duvessa is severely wounded.
You hit Dowan.
Dowan hits you with a +0 dagger of holy wrath.
Duvessa closely misses you.
You hit Duvessa but do no damage. You claw Duvessa, but do no damage.
Duvessa is severely wounded.
You barely miss Dowan. Duvessa hits you but does no damage.
Dowan closely misses you. Duvessa hits you but does no damage.
You hit Duvessa.
Duvessa is severely wounded.
You hit Dowan.
Dowan points at you and mumbles some strange words.
The puff of flame hits you. Duvessa hits you but does no damage.
You hit Duvessa.
Duvessa is severely wounded.
You hit Dowan but do no damage. Duvessa hits you with a +0 short sword!
You die...

##....#####.........# $.
#........##........###.#
....................#..#
.......##..#............
.......#..##........e.#.
..#....#..............ee
..##......##......###
...#.#.##.#...##e#####..
.#...###.......#@e......
##...# #...........#....
# ....#.......#...## ..
.#.............##
###.#.#....#.... ##
#.#......###.#
.####...#.#....... .. ..
..#..............# .#...
.................##.#...


You could see Duvessa (fast) and Dowan.

Vanquished Creatures
  Sigmund (D:2)
  2 orc priests (D:3)
  Jessica (D:2)
  An orc wizard (D:3)
  Robin (D:2)
  4 adders
  A worm (D:3)
  A dart slug (D:1)
  7 orcs (D:3)
  7 ball pythons
  8 endoplasms
  3 giant cockroaches
  6 hobgoblins
  6 jackals
  5 kobolds
  2 quokkas
  5 bats
  4 frilled lizards
  13 goblins
  5 rats
83 creatures vanquished.

Vanquished Creatures (others)
  An orc wizard (D:3)
  6 plants (D:2)
7 creatures vanquished.

Grand Total: 90 creatures vanquished

Notes
Turn   | Place    | Note
-------+----------+-------------------------------------------
     0 | D:1      | qw the Tengu Warper began the quest for the Orb.
     0 | D:1      | Reached XP level 1. HP: 12/12 MP: 4/4
     0 | D:1      | 0 ||| qw: Version: 0.1-a-89-g26bdef1
     0 | D:1      | 0 ||| qw: Game counter: 1617
     0 | D:1      | 0 ||| qw: Always use a shield: true
     0 | D:1      | 0 ||| qw: God list: Okawaru
     0 | D:1      | 0 ||| qw: Allow faded altars: false
     0 | D:1      | 0 ||| qw: Do Orc after D:15 true
     0 | D:1      | 0 ||| qw: Do second Lair branch before Depths: true
     0 | D:1      | 0 ||| qw: Lair rune preference: random
     0 | D:1      | 0 ||| qw: Plans: Normal
     0 | D:1      | 0 ||| PLANNING D:1-11
     1 | D:1      | Noticed an electric eel
   162 | D:1      | Reached XP level 2. HP: 17/17 MP: 6/6
   191 | D:1      | Reached skill level 3 in Axes
   421 | D:1      | 421 ||| DROPPING +0 club.
   503 | D:1      | 503 ||| Stepping ~*~*~tactically~*~*~ (stealth).
   507 | D:1      | 507 ||| Stepping ~*~*~tactically~*~*~ (stealth).
   751 | D:1      | 751 ||| UPGRADING to +0 ring mail.
   761 | D:1      | 761 ||| DROPPING +0 leather armour.
   762 | D:1      | 762 ||| READING scroll labelled QAUNNESH PAGU.
   763 | D:1      | 763 ||| READING 2 scrolls labelled SECOIKL PAIXT.
   764 | D:1      | 764 ||| READING scroll labelled PODEOPP CIUTSU.
   765 | D:1      | 765 ||| DROPPING scroll of blinking.
   803 | D:2      | 803 ||| STAIRDANCE
   870 | D:2      | Reached XP level 3. HP: 17/21 MP: 7/7
   954 | D:2      | 954 ||| Stepping ~*~*~tactically~*~*~ (stealth).
   961 | D:2      | Reached skill level 4 in Axes
   998 | D:2      | 998 ||| Stepping ~*~*~tactically~*~*~ (stealth).
  1012 | D:2      | 1012 ||| Stepping ~*~*~tactically~*~*~ (stealth).
  1072 | D:2      | Noticed Robin
  1079 | D:2      | Killed Robin
  1262 | D:2      | 1262 ||| Stepping ~*~*~tactically~*~*~ (stealth).
  1360 | D:2      | Found a burning altar of Makhleb.
  1388 | D:2      | Reached XP level 4. HP: 25/26 MP: 8/8
  1525 | D:2      | Noticed Jessica
  1528 | D:2      | Killed Jessica
  1529 | D:2      | Reached skill level 5 in Axes
  1968 | D:2      | Noticed Sigmund
  1980 | D:2      | Killed Sigmund
  1981 | D:2      | Reached skill level 6 in Axes
  1981 | D:2      | Gained mutation: Your magical nature lets you fly swiftly
                  | and evasively. [Tengu growth]
  1981 | D:2      | Reached XP level 5. HP: 30/30 MP: 9/9
  1981 | D:2      | Reached XP level 6. HP: 35/35 MP: 10/10
  2047 | D:2      | Found a faded altar of an unknown god.
  2051 | D:2      | 2051 ||| READING scroll labelled PAOT JIFESKUGA.
  2052 | D:2      | 2052 ||| READING scroll labelled CESHIATSOM.
  2057 | D:2      | 2057 ||| READING scroll labelled MUBRUM BOZISHIA.
  2058 | D:2      | 2058 ||| DRINKING 2 yellow potions.
  2059 | D:2      | 2059 ||| READING 3 scrolls of identify.
  2059 | D:2      | 2059 ||| IDENTIFYING fizzy silvery potion
  2060 | D:2      | 2060 ||| READING 2 scrolls of identify.
  2060 | D:2      | 2060 ||| IDENTIFYING glowing purple potion
  2061 | D:2      | 2061 ||| DROPPING potion of brilliance.
  2062 | D:2      | 2062 ||| DROPPING potion of degeneration.
  2132 | D:3      | 2132 ||| Stepping ~*~*~tactically~*~*~ (stealth).
  2140 | D:3      | 2140 ||| Stepping ~*~*~tactically~*~*~ (stealth).
  2188 | D:3      | Reached skill level 7 in Axes
  2289 | D:3      | 2289 ||| Stepping ~*~*~tactically~*~*~ (hiding).
  2290 | D:3      | 2290 ||| Stepping ~*~*~tactically~*~*~ (hiding).
  2305 | D:3      | 2305 ||| FLEEEEING.
  2306 | D:3      | 2306 ||| FLEEEEING.
  2307 | D:3      | 2307 ||| FLEEEEING.
  2308 | D:3      | 2308 ||| FLEEEEING.
  2311 | D:3      | 2311 ||| FLEEEEING.
  2312 | D:3      | 2312 ||| FLEEEEING.
  2313 | D:3      | 2313 ||| FLEEEEING.
  2313 | D:3      | HP: 5/35 [something/puff of flame (8)]
  2314 | D:3      | 2314 ||| FLEEEEING.
  2315 | D:3      | 2315 ||| FLEEEEING.
  2317 | D:3      | 2317 ||| FLEEEEING.
  2318 | D:3      | 2318 ||| FLEEEEING.
  2319 | D:3      | 2319 ||| FLEEEEING.
  2320 | D:3      | 2320 ||| FLEEEEING.
  2321 | D:3      | 2321 ||| FLEEEEING.
  2322 | D:3      | 2322 ||| FLEEEEING.
  2323 | D:3      | 2323 ||| FLEEEEING.
  2324 | D:3      | 2324 ||| FLEEEEING.
  2325 | D:3      | 2325 ||| FLEEEEING.
  2338 | D:3      | 2338 ||| FLEEEEING.
  2341 | D:3      | 2341 ||| FLEEEEING.
  2344 | D:3      | 2344 ||| FLEEEEING.
  2345 | D:3      | 2345 ||| FLEEEEING.
  2347 | D:3      | 2347 ||| FLEEEEING.
  2348 | D:3      | 2348 ||| FLEEEEING.
  2349 | D:3      | 2349 ||| FLEEEEING.
  2350 | D:3      | 2350 ||| FLEEEEING.
  2351 | D:3      | 2351 ||| FLEEEEING.
  2353 | D:3      | 2353 ||| FLEEEEING.
  2355 | D:3      | 2355 ||| FLEEEEING.
  2356 | D:3      | 2356 ||| FLEEEEING.
  2357 | D:3      | 2357 ||| FLEEEEING.
  2358 | D:3      | 2358 ||| FLEEEEING.
  2360 | D:3      | 2360 ||| FLEEEEING.
  2361 | D:3      | 2361 ||| FLEEEEING.
  2364 | D:3      | 2364 ||| STAIRDANCE
  2578 | D:3      | 2578 ||| Stepping ~*~*~tactically~*~*~ (hiding).
  2699 | D:3      | Found a sparkling altar of Nemelex Xobeh.
  2865 | D:3      | Reached skill level 3 in Fighting
  2866 | D:3      | 2866 ||| FLEEEEING.
  2867 | D:3      | 2867 ||| FLEEEEING.
  2868 | D:3      | 2868 ||| FLEEEEING.
  2869 | D:3      | 2869 ||| FLEEEEING.
  2870 | D:3      | 2870 ||| FLEEEEING.
  2871 | D:3      | 2871 ||| FLEEEEING.
  2872 | D:3      | 2872 ||| FLEEEEING.
  2873 | D:3      | 2873 ||| FLEEEEING.
  2874 | D:3      | 2874 ||| FLEEEEING.
  2875 | D:3      | 2875 ||| FLEEEEING.
  2876 | D:3      | 2876 ||| FLEEEEING.
  2877 | D:3      | 2877 ||| FLEEEEING.
  2878 | D:3      | 2878 ||| FLEEEEING.
  2879 | D:3      | 2879 ||| FLEEEEING.
  2880 | D:3      | 2880 ||| FLEEEEING.
  2881 | D:3      | 2881 ||| FLEEEEING.
  2882 | D:3      | 2882 ||| FLEEEEING.
  2883 | D:3      | 2883 ||| FLEEEEING.
  2887 | D:3      | 2887 ||| FLEEEEING.
  2890 | D:3      | 2890 ||| FLEEEEING.
  2891 | D:3      | 2891 ||| FLEEEEING.
  2892 | D:3      | 2892 ||| FLEEEEING.
  2895 | D:3      | 2895 ||| FLEEEEING.
  2899 | D:3      | 2899 ||| FLEEEEING.
  2900 | D:3      | 2900 ||| FLEEEEING.
  2902 | D:3      | 2902 ||| FLEEEEING.
  2903 | D:3      | 2903 ||| FLEEEEING.
  2904 | D:3      | 2904 ||| FLEEEEING.
  2905 | D:3      | 2905 ||| FLEEEEING.
  2906 | D:3      | 2906 ||| FLEEEEING.
  2911 | D:3      | 2911 ||| FLEEEEING.
  2912 | D:3      | 2912 ||| FLEEEEING.
  2913 | D:3      | 2913 ||| FLEEEEING.
  2914 | D:3      | 2914 ||| FLEEEEING.
  2920 | D:3      | 2920 ||| FLEEEEING.
  2921 | D:3      | 2921 ||| FLEEEEING.
  2922 | D:3      | 2922 ||| FLEEEEING.
  2923 | D:3      | 2923 ||| FLEEEEING.
  2924 | D:3      | 2924 ||| FLEEEEING.
  2925 | D:3      | 2925 ||| FLEEEEING.
  2928 | D:3      | 2928 ||| STAIRDANCE
  2972 | D:2      | 2972 ||| UPGRADING to +0 chain mail.
  2982 | D:2      | 2982 ||| DROPPING +0 ring mail.
  2983 | D:2      | 2983 ||| READING scroll labelled DOSU IWOCEVI.
  3079 | D:3      | 3079 ||| Stepping ~*~*~tactically~*~*~ (stealth).
  3087 | D:3      | 3087 ||| Stepping ~*~*~tactically~*~*~ (hiding).
  3434 | D:3      | Identified the +3 spear of the Moon {drain, rPois Will++
                  | Str-2 SInv}
  3785 | D:3      | 3785 ||| DROPPING +0 mace.
  3860 | D:3      | 3860 ||| UPGRADING to +6 ring of dexterity.
  3861 | D:3      | 3861 ||| READING scroll labelled JUMAXT JU OLO.
  3885 | D:4      | 3885 ||| STAIRDANCE
  3895 | D:4      | Reached XP level 7. HP: 41/41 MP: 11/11
  3936 | D:4      | Found a radiant altar of Vehumet.
  3966 | D:4      | Noticed Dowan
  3967 | D:4      | Noticed Duvessa
  3968 | D:4      | 3968 ||| Stepping ~*~*~tactically~*~*~ (hiding).
  3971 | D:4      | 3971 ||| Stepping ~*~*~tactically~*~*~ (hiding).
  3985 | D:4      | HP: 10/41 [Duvessa/+0 short sword (6)]
  3989 | D:4      | Slain by Duvessa

Levels and vault maps discovered:
D:1:      arrival_aquarium_a, layout_basic, minmay_misc_feat_rows
D:2:      layout_basic, dilly_ecumenical_altar_fadedgnrine, basic_altar,
          uniq_jessica, uniq_robin, uniq_sigmund
D:3:      minmay_wonky_spiral, layout_loops_corners, lemuel_round_altar,
          grunt_ministairs_2
D:4:      layout_cave_pools, nicolae_vehumet_altar_sigil,
          nicolae_uskayaw_dance_hall, uniq_duvessa

Skill      XL: |  1  2  3  4  5  6 |
---------------+-------------------+-----
Axes           | 3 4 6 7 |  7.2
Fighting       | 3 |  3.1
Armour         | 2 |  2.1
Throwing       | |  1.0
Dodging        | |  2.1
Spellcasting   | |  2.0
Translocations | |  2.4

Action                   |  1- 3 |  4- 6 |  7- 9 || total
-------------------------+-------+-------+-------++-------
Melee: Hand axe          |    90 |   120 |    16 ||   226
       Kick              |    27 |    27 |     3 ||    57
       Peck              |    13 |    17 |     3 ||    33
Throw: Boomerang         |     7 |     2 |       ||     9
  Use: Scroll            |     3 |     7 |       ||    10
       Potion            |       |     1 |       ||     1
Armor: Leather armour    |     8 |       |       ||     8
       Ring mail         |    21 |    16 |       ||    37
       Chain mail        |       |    21 |     8 ||    29
Dodge: Dodged            |    36 |    39 |     5 ||    80

Table legend:
 A = Non-vault XP
 B = Vault XP
 C = Vault XP percentage of total XP
 D = Non-vault monster count
 E = Vault monster count
 F = Vault count percentage of total count
                 A         B        C        D         E       F
            +---------+---------+-------+---------+---------+-------
      Total |     299 |     321 |  51.8 |      66 |      18 |  21.4
            +---------+---------+-------+---------+---------+-------
        D:1 |      30 |       0 |   0.0 |      16 |       0 |   0.0
        D:2 |      38 |     303 |  88.9 |      16 |      14 |  46.7
        D:3 |     227 |      18 |   7.3 |      32 |       4 |  11.1
        D:4 |       4 |       0 |   0.0 |       2 |       0 |   0.0
            +---------+---------+-------+---------+---------+-------
